 Dungeon Crawl Stone Soup version 0.29-a0-418-gc0181ea820 (webtiles) character file.

Game seed: 11993231958296692279

3019 quokkamancerX the Quickloader (level 10, 0/67 HPs)
             Began as a Human Hunter on May 17, 2022.
             Was a Believer of Fedhas.
             Slain by an orc knight
             ... wielding a +0 war axe
              (10 damage)
             ... in a bailey.
             The game lasted 00:32:47 (7887 turns).

quokkamancerX the Quickloader (Human Hunter)        Turns: 7887, Time: 00:32:48

Health: 0/67       AC: 14    Str: 15    XL:     10   Next: 10%
Magic:  10/10      EV: 15    Int: 11    God:    Fedhas [**....]
Gold:   347        SH:  0    Dex: 16    Spells: 9/9 levels left

rFire   . . .      SeeInvis .   a - +8 hunting sling "Wiumoacso" {freeze, rC+}
rCold   + . .      Faith    .   (no shield)
rNeg    . . .      Spirit   .   m - +3 leather armour
rPois   .          Reflect  .   x - +2 helmet
rElec   .          Harm     .   G - +0 cloak
rCorr   +          Rampage  .   (no gloves)
Will    .....                   (no boots)
Stlth   +++.......              (no amulet)
HPRegen 0.21/turn               v - ring of resist corrosion
MPRegen 0.12/turn               w - +4 ring of protection

@: no status effects
A: no striking features
a: Renounce Religion, Wall of Briars


You were in a bailey.
You worshipped Fedhas.
Fedhas was pleased with you.
You visited 1 branch of the dungeon, and saw 7 of its levels.
You also visited: Bailey.

You collected 347 gold pieces.

Inventory:

Hand Weapons
 a - the +8 hunting sling "Wiumoacso" (weapon) {freeze, rC+}
   (You found it on level 3 of the Dungeon)

   Any ammunition fired from it freezes those it strikes, dealing additional
   cold damage.
   It can also slow down cold-blooded creatures.
   rC:        It protects you from cold.
 b - a +2 dagger of venom
 n - a +1 hand crossbow
Armour
 m - a +3 leather armour (worn)
 x - a +2 helmet (worn)
 G - a +0 cloak (worn)
Jewellery
 d - a ring of poison resistance
 i - an amulet of magic regeneration
 s - a ring of ice
 v - a ring of resist corrosion (left hand)
 w - a +4 ring of protection (right hand)
Wands
 A - a wand of paralysis (6)
 B - a wand of iceblast (22)
 F - a wand of polymorph (8)
Scrolls
 c - a scroll of immolation
 e - a scroll of blinking
 k - a scroll of noise
 l - a scroll of vulnerability
 q - a scroll of magic mapping {unknown}
 r - a scroll of amnesia {unknown}
 y - a scroll of teleportation
 C - a scroll of fear {unknown}
 D - a scroll of fog {unknown}
Potions
 f - a potion of haste
 g - a potion of mutation {unknown}
 h - a potion of lignification {unknown}
 o - a potion of magic {unknown}
 p - a potion of brilliance {unknown}
 t - a potion of curing {unknown}
 u - a potion of attraction {unknown}
 z - a potion of might {unknown}
 E - a potion of berserk rage {unknown}


   Skills:
 - Level 2.0 Fighting
 + Level 10.3 Crossbows
 + Level 7.9 Dodging
 - Level 6.0 Stealth


You had 9 spell levels left.
You didn't know any spells.
Your spell library contained the following spells:

 Spells                   Type           Power      Damage    Failure   Level
 Beastly Appendage        Tmut           0%         N/A       41%         1
 Pain                     Necr           0%         1d4       41%         1
 Scorch                   Fire           0%         2d5       54%         2
 Wereblood                Tmut           0%         N/A       54%         2
 Gell's Gravitas          Tloc           0%         N/A       78%         3
 Lesser Beckoning         Tloc           0%         N/A       78%         3
 Spider Form              Tmut/Pois      0%         N/A       78%         3
 Teleport Other           Tloc           0%         N/A       78%         3
 Flame Wave               Conj/Fire      0%         2d4       99%         4
 Agony                    Necr           0%         N/A       100%        5
 Excruciating Wounds      Necr           0%         N/A       100%        5
 Summon Cactus Giant      Summ           0%         N/A       100%        6


Dungeon Overview and Level Annotations

Branches:
Dungeon (7/15)             Temple (0/1) D:6          Bailey (1/1)

Altars:
Fedhas

Shops:
D:4 *


Message History

The goblin shouts!
An orc knight comes into view. It is wielding a +0 war axe.
A hobgoblin comes into view. It is wielding a +0 hand axe.
You shoot a sling bullet. The hobgoblin shouts!
The orc knight shouts!
The sling bullet hits the goblin.
The sling bullet freezes the goblin.
You kill the goblin!
Fedhas appreciates your contribution to the ecosystem.
The orc knight roars a battlecry!
An orc warrior comes into view. It is wielding a +0 hand axe.
You shoot a sling bullet. The sling bullet hits the hobgoblin.
The sling bullet freezes the hobgoblin.
The hobgoblin is almost dead.
There is an open door here.
You shoot a sling bullet. The sling bullet hits the hobgoblin!
The sling bullet freezes the hobgoblin.
You kill the hobgoblin!
Fedhas appreciates your contribution to the ecosystem.
You shoot a sling bullet.
The sling bullet hits the orc knight but does no damage.
The orc knight attacks as you move away!
The orc knight hits you with a +0 war axe!
You shoot a sling bullet. The sling bullet hits the orc knight!
The sling bullet freezes the orc knight.
The orc knight is lightly wounded.
The orc knight hits you but does no damage.
You shoot a sling bullet. The sling bullet hits the orc knight.
The sling bullet freezes the orc knight.
The orc knight is lightly wounded.
The orc knight hits you with a +0 war axe!!
The orc warrior hits you with a +0 hand axe!
* * * LOW HITPOINT WARNING * * *
The orc knight hits you with a +0 war axe!
* * * LOW HITPOINT WARNING * * *
You are too injured to fight recklessly!
As you read the scroll of summoning, it crumbles to dust.
Wisps of shadow whirl around you...
The orc knight hits you with a +0 war axe!
You die...
Fedhas appreciates your contribution to the ecosystem.

♣♣♣ ## ♣♣♣♣.♣♣♣ ###.#+#
♣......♣♣###.....###
♣♣♣......##.......).##
♣........#..........)#
♣♣.......'...........#
♣...∩.∩..'....g⌠.g...#
♣........'...g@.g....#
♣........#..o.oog..g.#
♣♣♣......##..o....g.###
♣......♣♣###.o...###)###
♣♣..♣♣♣♣ ###.#'#.....#
♣♣♣♣ ###........
#......... #.........
#.....)...


You could see an orc knight (ally target), an orc warrior (strong, ally target),
7 friendly gnolls and 3 friendly orcs.

Vanquished Creatures
  Pikel (D:6)
  Sigmund (D:2)
  A steam dragon (D:5)
  Edmund (D:4)
  Menkaure (D:6)
  Duvessa (D:6)
  A water moccasin (D:7)
  A black bear (D:4)
  An ice beast (D:6)
  2 ogres
  2 centaurs
  4 phantoms
  A kobold brigand (D:7)
  3 scorpions
  Dowan (D:6)
  6 hounds
  2 orc priests
  Crazy Yiuf (D:6)
  A jelly (D:6)
  4 iguanas
  Natasha (thrice) (D:3)
  5 orc wizards
  5 adders
  2 white imps
  A worm (D:2)
  2 dart slugs
  18 orcs
  9 ball pythons
  6 endoplasms
  2 giant cockroaches
  14 goblins
  7 hobgoblins
  7 kobolds
  8 quokkas
  7 bats
  A frilled lizard (D:2)
  7 rats
140 creatures vanquished.

Vanquished Creatures (others)
  An orc (D:7)
1 creature vanquished.

Grand Total: 141 creatures vanquished

Notes
Turn   | Place    | Note
-------+----------+-------------------------------------------
     0 | D:1      | quokkamancerX the Human Hunter began the quest for the Orb.
     0 | D:1      | Reached XP level 1. HP: 16/16 MP: 1/1
   320 | D:1      | Reached XP level 2. HP: 22/22 MP: 2/2
   504 | D:1      | Reached XP level 3. HP: 27/27 MP: 3/3
   860 | D:2      | Reached XP level 4. HP: 26/33 MP: 4/4
   938 | D:2      | Noticed Sigmund
  1692 | D:3      | Found a faded altar of an unknown god.
  1715 | D:3      | Identified the +8 hunting sling "Wiumoacso" {freeze, rC+}
  1745 | D:3      | Reached skill level 5 in Crossbows
  1959 | D:3      | Noticed Natasha
  1962 | D:3      | Killed Natasha
  1963 | D:3      | Reached XP level 5. HP: 30/38 MP: 5/5
  2094 | D:3      | Noticed Natasha
  2098 | D:3      | Killed Natasha
  2210 | D:3      | Noticed Natasha
  2217 | D:3      | Killed Natasha
  2625 | D:4      | Noticed Edmund
  2625 | D:4      | Noticed a phantom
  2654 | D:4      | Noticed a phantom
  2669 | D:3      | Killed a phantom
  2670 | D:3      | Reached XP level 6. HP: 32/44 MP: 6/6
  2760 | D:4      | Found a blossoming altar of Fedhas.
  2780 | D:4      | Noticed a black bear
  2781 | D:4      | Became a worshipper of Fedhas Madash
  2823 | D:4      | Reached skill level 6 in Crossbows
  2859 | D:4      | Killed a black bear
  2860 | D:4      | Reached skill level 5 in Stealth
  2860 | D:4      | Reached XP level 7. HP: 50/50 MP: 7/7
  2897 | D:4      | Found Hooxtyps's Gadget Gallery.
  3144 | D:4      | Killed Edmund
  3716 | D:5      | Entered Level 5 of the Dungeon
  3740 | D:5      | Reached skill level 7 in Crossbows
  3746 | D:5      | Reached * piety under Fedhas
  3747 | D:5      | Reached XP level 8. HP: 51/56 MP: 8/8
  4181 | D:5      | Reached skill level 8 in Crossbows
  4408 | D:6      | Noticed Menkaure
  4408 | D:6      | Noticed Duvessa
  4630 | D:2      | Killed Sigmund
  4808 | D:6      | Reached skill level 5 in Dodging
  4808 | D:6      | Reached XP level 9. HP: 50/61 MP: 9/9
  4944 | D:6      | Noticed Dowan
  5536 | D:6      | Reached ** piety under Fedhas
  5537 | D:6      | Reached skill level 9 in Crossbows
  5819 | D:6      | Killed Dowan
  5895 | D:6      | Found a staircase to the Ecumenical Temple.
  5945 | D:6      | Killed Duvessa
  6384 | D:6      | Identified the +8 mace of the Pharaoh's Fist {drain, rC-
                  | rN+ Str+2 Int+4}
  6478 | D:6      | Killed Menkaure
  6613 | D:6      | Noticed Pikel
  6632 | D:6      | HP: 3/61 [Pikel/+1 whip of electrocution (17)]
  6986 | D:6      | Killed Pikel
  6987 | D:6      | Reached skill level 10 in Crossbows
  6987 | D:6      | Reached XP level 10. HP: 26/67 MP: 10/10
  7281 | D:6      | Found a runed translucent door.
  7282 | D:6      | Noticed Crazy Yiuf
  7300 | D:6      | Killed Crazy Yiuf
  7844 | D:7      | Found a flagged portal.
  7854 | Bailey   | Entered a bailey
  7875 | Bailey   | Noticed an orc knight
  7887 | Bailey   | Slain by an orc knight

Illustrated notes

Levels and vault maps discovered:
D:1:      kennysheep_arrival_seaside, layout_rooms
D:2:      layout_loops_cross, uniq_sigmund
D:3:      layout_basic, hellmonk_ecumenical_altar_heavens_door,
          kennysheep_path_1, uniq_natasha
D:4:      layout_basic, fedhas_altar_2, minmay_misc_feat_columns,
          nicolae_shop_gadgets, uniq_edmund
D:5:      layout_basic
D:6:      layout_cave_pods, minmay_temple_entry_water_ring, uniq_menkaure,
          uniq_duvessa, uniq_crazy_yiuf_cottage, uniq_pikel
D:7:      layout_basic, enter_bailey_5
Bailey:   bailey_axe_minmay_hex_keep, bailey

Skill      XL: |  1  2  3  4  5  6  7  8  9 |
---------------+----------------------------+-----
Stealth        | 2 3 4 5 6 |  6.0
Crossbows      | 5 6 7 8 10 | 10.3
Dodging        | 5 7 |  7.9
Fighting       | |  2.0

Action                   |  1- 3 |  4- 6 |  7- 9 | 10-12 || total
-------------------------+-------+-------+-------+-------++-------
Melee: Dagger            |       |       |    28 |    54 ||    82
       Punch             |       |       |     1 |       ||     1
       Unarmed           |       |       |       |     9 ||     9
 Fire: Hand crossbow     |    67 |    46 |       |       ||   113
       Hunting sling     |       |    52 |   207 |    18 ||   277
Evoke: Wand              |       |       |     3 |       ||     3
  Use: Scroll            |       |     2 |     1 |     4 ||     7
       Potion            |       |       |     1 |       ||     1
 Stab: Paralysed         |       |       |     3 |       ||     3
Armor: Leather armour    |     7 |    18 |    57 |    20 ||   102
       Skin              |       |       |       |     1 ||     1
Dodge: Dodged            |    20 |    42 |    89 |    41 ||   192

Table legend: (Time is in decaauts)
 A = Elapsed time spent in this place.
 B = Non-inter-level travel time spent in this place.
 C = Inter-level travel time spent in this place.
 D = Time resting spent in this place.
 E = Time spent auto-exploring this place.
 F = Levels seen in this place.
 G = Mean time per level.
                   A        B        C        D        E       F      G
               +--------+--------+--------+--------+--------+-----+--------+
         Total |   8076 |   7364 |    712 |   2364 |   1817 |   8 | 1009.5 |
       Dungeon |   8038 |   7326 |    712 |   2364 |   1817 |   7 | 1148.3 |
        Bailey |     37 |     37 |      0 |      0 |      0 |   1 |   37.0 |
               +--------+--------+--------+--------+--------+-----+--------+

Top non-repeatable levels by time:
     D:5: 1750 daAuts
     D:6: 1680 daAuts
     D:3: 1345 daAuts
     D:2: 1084 daAuts
     D:4: 998 daAuts
     D:1: 726 daAuts
     D:7: 451 daAuts
  Bailey: 37 daAuts
